 Dungeon Crawl Stone Soup version 0.26.1-10-gdfb7c7de75 (webtiles) character file.

Game seed: 4561848492579510058

86 Chiseanne the Magician (level 4, -8/30 HPs)
             Began as a Demonspawn Hedge Wizard on Apr 12, 2021.
             Was an Initiate of Vehumet.
             Mangled by an iguana (11 damage)
             ... on level 3 of the Dungeon.
             The game lasted 00:03:27 (3161 turns).

Chiseanne the Magician (Demonspawn Hedge Wizard)    Turns: 3161, Time: 00:03:27

Health: -8/30      AC:  3    Str: 10    XL:     4   Next: 27%
Magic:  7/10       EV: 12    Int: 16    God:    Vehumet [......]
Gold:   143        SH:  0    Dex: 13    Spells: 5/11 levels left

rFire    . . .     SeeInvis .   a - +0 spear (vorpal)
rCold    . . .     Faith    .   (no shield)
rNeg     + + .     Spirit   .   b - +0 robe
rPois    .         Reflect  .   c - +0 hat
rElec    .         Harm     .   (no cloak)
rCorr    .         Rampage  .   f - +0 pair of gloves
Will     .....                  (no boots)
Stlth    ++........             (no amulet)
HPRegen  0.10/turn              d - ring of positive energy
MPRegen  0.12/turn              q - ring of positive energy

@: mighty
A: powered by pain 1
a: Renounce Religion


You were on level 3 of the Dungeon.
You worshipped Vehumet.
Vehumet was noncommittal.
You visited 1 branch of the dungeon, and saw 3 of its levels.

You collected 143 gold pieces.

Inventory:

Hand Weapons
 a - a +0 vorpal spear (weapon)
Missiles
 h - 100 stones
 k - 18 bolts
 n - 12 sling bullets
 o - 39 arrows
Armour
 b - a +0 robe (worn)
 c - a +0 hat (worn)
 f - a +0 pair of gloves (worn)
Jewellery
 d - a ring of positive energy (left hand)
 q - a ring of positive energy (right hand)
 r - an uncursed ring of flight
 t - an uncursed amulet of faith {unknown}
Scrolls
 e - 2 scrolls of identify
 j - 4 scrolls of remove curse
 p - a scroll of blinking
Potions
 g - a potion of flight
 i - 2 potions of haste {unknown}
 l - 2 potions of curing {unknown}
 m - 2 potions of attraction {unknown}
 s - a potion of brilliance {unknown}


   Skills:
 - Level 1.7 Dodging
 - Level 1.7 Stealth
 * Level 4.0 Spellcasting
 * Level 3.0 Conjurations
 - Level 1.0 Summonings
 - Level 0.8 Translocations
 * Level 0.0 Air Magic
 * Level 0.0 Poison Magic


You had 5 spell levels left.
You knew the following spells:

 Your Spells              Type           Power        Failure   Level
a - Magic Dart            Conj           48%          4%          1
b - Blink                 Tloc           N/A          19%         2
d - Mephitic Cloud        Conj/Pois/Air  6%           32%         3

Your spell library contained the following spells:

 Spells                   Type           Power        Failure   Level
 Call Imp                 Summ           6%           17%         2
 Slow                     Hex            3%           26%         2
 Conjure Flame            Conj/Fire      8%           26%         3


Dungeon Overview and Level Annotations

Branches:
Dungeon (3/15)

Altars:
Ru
Vehumet
Yredelemnul


Innate Abilities, Weirdness & Mutations

You sometimes gain a little power by taking damage.


Message History

The magic dart hits the iguana but does no damage.
The iguana is lightly wounded.
The iguana bites you!
You focus on the pain.
You feel very mighty all of a sudden.
Casting: Magic Dart (safe; 4% risk of failure)
Confirm with . or Enter, or press ? or * to list all spells.
Aiming: Magic Dart (safe; 4% risk of failure)
Press: ? - help, Shift-Dir - straight line, f/p - iguana
Aim: an iguana (lightly wounded, 0% to evade)
The magic dart hits the iguana.
The iguana is moderately wounded.
The iguana misses you.
You closely miss the iguana.
The iguana is moderately wounded.
The iguana bites you!
* * * LOW HITPOINT WARNING * * *
You puncture the iguana!
The iguana is almost dead.
The iguana bites you!
You die...

#...####.#.#.#
#.#.# ..#.#.#
#.#.# ###.#.#
#.#.. .# #
#.##########.#
#............#+
.#######........
.......'........
########@.......
......l........
..#######......
...... ######


You could see an iguana.

Vanquished Creatures
  4 adders
  A worm (D:2)
  3 dart slugs (D:1)
  A leopard gecko (D:1)
  A ball python (D:1)
  A giant cockroach (D:1)
  8 goblins
  3 hobgoblins
  4 jackals (D:1)
  5 bats
  2 frilled lizards
  7 kobolds
  A rat (D:1)
41 creatures vanquished.

Notes
Turn   | Place    | Note
-------+----------+-------------------------------------------
     0 | D:1      | Chiseanne the Demonspawn Hedge Wizard began the quest for
                  | the Orb.
     0 | D:1      | Reached XP level 1. HP: 13/13 MP: 4/4
   391 | D:1      | Gained mutation: You sometimes gain a little power by
                  | taking damage. [demonic ancestry]
   391 | D:1      | Reached XP level 2. HP: 19/19 MP: 0/6
  1046 | D:1      | Reached XP level 3. HP: 24/24 MP: 5/8
  2476 | D:2      | Found a sacrificial altar of Ru.
  2482 | D:2      | Found a basalt altar of Yredelemnul.
  2485 | D:2      | Found a radiant altar of Vehumet.
  2489 | D:2      | Became a worshipper of Vehumet
  2790 | D:3      | Reached XP level 4. HP: 18/30 MP: 3/9
  2855 | D:3      | Reached skill level 4 in Spellcasting
  3096 | D:3      | Learned a level 2 spell: Blink
  3100 | D:3      | Learned a level 3 spell: Mephitic Cloud
  3161 | D:3      | Mangled by an iguana

Illustrated notes

Levels and vault maps discovered:
D:1:      elethiomel_arrival_shortcut, layout_basic, hangedman_decor_peaks_small
D:2:      layout_loops_ring, grunt_temple_overflow_diamond
D:3:      layout_basic

Skill      XL: |  1  2  3  4 |
---------------+-------------+-----
Conjurations   | 2 3 |  3.0
Spellcasting   | 4 |  4.0
Dodging        | |  1.7
Stealth        | |  1.7
Summonings     | |  1.0
Translocations | |  0.8

Action                   |  1- 3 |  4- 6 || total
-------------------------+-------+-------++-------
Melee: Spear             |    28 |     2 ||    30
 Cast: Magic Dart        |   100 |    23 ||   123
  Use: Scroll            |     5 |       ||     5
 Stab: Sleeping          |     1 |       ||     1
Armor: Robe              |     6 |     1 ||     7
Dodge: Dodged            |    29 |     8 ||    37
